 Dungeon Crawl Stone Soup version 0.27.1-1-g398f81649c (webtiles) character file.

Game seed: 2928992579964175346

84 nxtlvl the Ruffian (level 4, -2/35 HPs)
             Began as a Minotaur Transmuter on Sept 18, 2021.
             Slain by a sky beast (6 damage)
             ... on level 5 of the Dungeon.
             The game lasted 00:07:17 (905 turns).

nxtlvl the Ruffian (Minotaur Transmuter)             Turns: 905, Time: 00:07:18

Health: -2/35      AC:  6    Str: 16    XL:     4   Next: 24%
Magic:  5/5        EV:  9    Int: 10    God:
Gold:   74         SH:  0    Dex: 10    Spells: 4/5 levels left

rFire    . . .     SeeInvis .     - Unarmed
rCold    . . .     Faith    .   (no shield)
rNeg     . . .     Spirit   .   c - +0 scale mail
rPois    .         Reflect  .   (helmet restricted)
rElec    .         Harm     .   (no cloak)
rCorr    .         Rampage  .   (no gloves)
Will     .....                  (no boots)
Stlth    ..........             (no amulet)
HPRegen  0.11/turn              (no ring)
MPRegen  0.09/turn              (no ring)

@: no status effects
A: horns 2, retaliatory headbutt
a: no special abilities


You were on level 5 of the Dungeon.
You visited 2 branches of the dungeon, and saw 6 of its levels.

You collected 74 gold pieces.

Inventory:

Missiles
 b - 19 arrows
 j - a throwing net
 k - 23 bolts
Armour
 c - a +0 scale mail (worn)
Scrolls
 a - a scroll of enchant weapon {unknown}
 e - a scroll of amnesia {unknown}
 i - a scroll of summoning {unknown}
 l - a scroll of enchant armour {unknown}
Potions
 f - a potion of invisibility {unknown}
 g - a potion of degeneration {unknown}
 h - a potion of might {unknown}


   Skills:
 - Level 1.2 Fighting
 - Level 2.1 Dodging
 * Level 5.6 Unarmed Combat
 - Level 1.3 Spellcasting
 - Level 1.5 Transmutations


You had 4 spell levels left.
You knew the following spells:

 Your Spells              Type           Power      Damage    Failure   Level
a - Beastly Appendage     Tmut           6%         N/A       56%         1

Your spell library contained the following spells:

 Spells                   Type           Power      Damage    Failure   Level
 Wereblood                Tmut           3%         N/A       71%         2
 Passwall                 Tmut/Erth      1%         N/A       80%         2
 Spider Form              Tmut/Pois      1%         N/A       95%         3
 Swiftness                Air            0%         N/A       98%         3
 Ice Form                 Ice/Tmut       2%         N/A       100%        4
 Invisibility             Hex            0%         N/A       100%        6


Dungeon Overview and Level Annotations

Branches:
Dungeon (5/15)             Temple (1/1) D:5

Altars:
Elyvilon
Fedhas
Gozag
Hepliaklqana
Kikubaaqudgha
Makhleb
Okawaru
Qazlal
Ru
Sif Muna
Trog
Uskayaw
Vehumet
Wu Jian
Yredelemnul
Zin
The Shining One

Shops:
D:5 *

Annotations:
D:3 Sigmund
D:4 Eustachio


Innate Abilities, Weirdness & Mutations

You have a pair of horns on your head.
You reflexively headbutt those who attack you in melee.


Message History

You headbutt the sky beast. You hit the sky beast but do no damage.
The sky beast is heavily wounded.
The sky beast closely misses you.
You hit the sky beast.
The sky beast is severely wounded.
The sky beast closely misses you.
You hit the sky beast.
The sky beast is severely wounded.
You hit the sky beast.
The sky beast is almost dead.
The sky beast hits you but does no damage.
You barely miss the sky beast.
The sky beast is almost dead.
The sky beast hits you but does no damage.
You closely miss the sky beast.
The sky beast is almost dead.
The sky beast hits you. The sky beast shocks you.
You hit the sky beast. Your headbutt misses the sky beast.
Your punch misses the sky beast.
The sky beast is almost dead.
The sky beast hits you. The sky beast shocks you.
You closely miss the sky beast. Your headbutt misses the sky beast.
The sky beast is almost dead.
The sky beast flickers out of sight!
Deactivating autopickup; reactivate with Ctrl-A.
Something hits you but does no damage.
You miss something. Something hits you but does no damage.
You barely miss something.
A sky beast appears from thin air!
Reactivating autopickup.
The sky beast hits you. The sky beast shocks you.
* * * LOW HITPOINT WARNING * * *
You miss the sky beast. Your headbutt misses the sky beast.
The sky beast is almost dead.
The sky beast flickers out of sight!
Deactivating autopickup; reactivate with Ctrl-A.
Something hits you.
* * * LOW HITPOINT WARNING * * *
Something shocks you.
You die...

............###.# ...
#...........)..####.#
#.........##........#
.#.....#...#..#>.....###.
.#.##..##..#..##.........
....##.......##.........
...^......####......#.#.#
#..............{≈........
.>.#.........###@........
...#.........#.##.#.....
.........................
..........##.#.<.........
..........####...........
......#....###..##.......
................##.......
##...#S..................
#....##...#..............


There were no monsters in sight!

Vanquished Creatures
  A bullfrog skeleton (D:5)
  A hound skeleton (D:5)
  A gnoll (D:4)
  An ufetubus (D:5)
  An orc (D:3)
  3 ball pythons
  3 giant cockroaches
  3 goblins
  3 hobgoblins
  A quokka (D:3)
  A bat (D:1)
  2 frilled lizards (D:1)
  3 kobolds (D:1)
  4 rats
28 creatures vanquished.

Notes
Turn   | Place    | Note
-------+----------+-------------------------------------------
     0 | D:1      | nxtlvl the Minotaur Transmuter began the quest for the Orb.
     0 | D:1      | Reached XP level 1. HP: 16/16 MP: 1/1
   157 | D:1      | Reached XP level 2. HP: 11/23 MP: 0/3
   189 | D:1      | Reached skill level 4 in Unarmed Combat
   460 | D:3      | Noticed Sigmund
   577 | D:4      | Found a radiant altar of Vehumet.
   635 | D:4      | Reached XP level 3. HP: 14/28 MP: 2/4
   680 | D:4      | Noticed Eustachio
   684 | D:4      | You fall into a shaft and drop 1 floor!
   684 | D:5      | Entered Level 5 of the Dungeon
   690 | D:5      | Reached skill level 5 in Unarmed Combat
   700 | D:5      | Found a staircase to the Ecumenical Temple.
   713 | D:5      | Reached XP level 4. HP: 18/35 MP: 5/5
   716 | Temple   | Entered the Ecumenical Temple
   855 | D:5      | Found Yha Lygra's Serpentskin Sales.
   855 | D:5      | Noticed a water moccasin
   855 | D:5      | Noticed a water moccasin
   864 | D:5      | Noticed a sky beast
   905 | D:5      | Slain by a sky beast

Illustrated notes

Levels and vault maps discovered:
D:1:      matt_arrival_grand_opening, layout_basic, minivault_24,
          kennysheep_decorative_pillar, chequers_decorated_corner
D:2:      layout_loops_corners, grunt_ministairs_14
D:3:      layout_rooms, shapermc_ecumenical_altar_venn,
          minmay_misc_feat_nine_boxes, ebering_dispersal_statue_hall,
          kennysheep_generic_room_4, uniq_sigmund
D:4:      layout_basic, nicolae_vehumet_radiance,
          nicolae_ossuary_entry_false_entrances, uniq_ijyb, uniq_eustachio
D:5:      layout_cave_pools, minmay_temple_entry_statues_pillars,
          guppyfry_shop_venom
Temple:   regret_index_temple_sphere_string

Skill      XL: |  1  2  3 |
---------------+----------+-----
Unarmed Combat | 4 5 |  5.6
Fighting       | |  1.2
Dodging        | |  2.1
Spellcasting   | |  1.3
Transmutations | |  1.5

Action                   |  1- 3 |  4- 6 || total
-------------------------+-------+-------++-------
Melee: Unarmed           |    78 |    15 ||    93
       Kick              |     8 |       ||     8
       Headbutt          |    14 |     2 ||    16
       Punch             |     3 |       ||     3
 Cast: Beastly Appendage |    12 |     1 ||    13
  Use: Scroll            |     2 |     1 ||     3
Armor: Robe              |     4 |       ||     4
       Scale mail        |    19 |     7 ||    26
Dodge: Dodged            |    29 |     9 ||    38
